 Dungeon Crawl Stone Soup version 0.29.1-2-gbd0b4ee654 (webtiles) character file.

Game seed: 4755690260589739929

261 sanboga the Chopper (level 5, -10/48 HPs)
             Began as a Minotaur Monk on Nov 15, 2022.
             Killed from afar by an orc wizard (12 damage)
             ... with a puff of flame
             ... on level 4 of the Dungeon.
             The game lasted 00:02:17 (2700 turns).

sanboga the Chopper (Minotaur Monk)                 Turns: 2700, Time: 00:02:17

Health: -10/48     AC:  6    Str: 18    XL:     5   Next: 96%
Magic:  4/4        EV: 10    Int:  7    God:
Gold:   202        SH:  0    Dex: 12    Spells: 4/4 levels left

rFire   . . .      SeeInvis .   a - +0 hand axe
rCold   . . .      Faith    .   (no shield)
rNeg    . . .      Spirit   .   f - +0 scale mail
rPois   .          Reflect  .   (helmet restricted)
rElec   .          Harm     .   (no cloak)
rCorr   .          Rampage  .   (no gloves)
Will    .....                   (no boots)
Stlth   ..........              g - amulet of regeneration
HPRegen 0.96/turn               (no ring)
MPRegen 0.09/turn               (no ring)

@: no status effects
A: horns 2, retaliatory headbutt
a: no special abilities


You were on level 4 of the Dungeon.
You visited 1 branch of the dungeon, and saw 4 of its levels.

You collected 202 gold pieces.

Inventory:

Hand Weapons
 a - a +0 hand axe (weapon)
Armour
 f - a +0 scale mail (worn)
Jewellery
 g - an amulet of regeneration (around neck)
Wands
 s - a wand of flame (3)
Scrolls
 d - 6 scrolls of identify {unknown}
 e - 3 scrolls of teleportation {unknown}
 h - a scroll of enchant weapon {unknown}
 k - a scroll of vulnerability {unknown}
 m - 2 scrolls of noise {unknown}
 q - 4 scrolls of immolation {unknown}
Potions
 b - a potion of lignification {unknown}
 c - a potion of ambrosia
 i - 3 potions of curing {unknown}
 j - a potion of cancellation {unknown}
 l - a potion of flight {unknown}
 n - 2 potions of mutation {unknown}
 o - 2 potions of brilliance {unknown}
 p - a potion of might {unknown}
 r - a potion of invisibility {unknown}


   Skills:
 + Level 5.0 Fighting
 * Level 6.3 Axes
 + Level 3.2 Armour
 - Level 3.2 Dodging
 - Level 1.5 Stealth


You had 4 spell levels left.
You didn't know any spells.
Your spell library contained the following spells:

 Spells                   Type           Power      Damage    Failure   Level
 Ignite Poison            Fire/Tmut/Pois 0%         N/A       99%         3
 Mephitic Cloud           Conj/Pois/Air  0%         N/A       99%         3
 Freezing Cloud           Conj/Ice/Air   0%         6-21      100%        5


Dungeon Overview and Level Annotations

Branches:
Dungeon (4/15)
 Temple: D:4-7

Altars:
Elyvilon

Annotations:
D:4 Grinder


Innate Abilities, Weirdness & Mutations

You have a pair of horns on your head.
You reflexively headbutt those who attack you in melee.


Message History

You barely miss Grinder.
Grinder is moderately wounded.
Grinder blinks!
The orc wizard gestures at you while chanting.
You resist with some effort. Grinder hits you.
You writhe in agony.
Grinder barely misses you. You furiously retaliate!
You headbutt Grinder. You barely miss Grinder. You headbutt Grinder!
Grinder is severely wounded.
Grinder hits you!
You writhe in agony.
You hit Grinder but do no damage.
Grinder is severely wounded.
Grinder hits you!
You writhe in agony.
You hit Grinder.
Grinder is severely wounded.
Grinder gestures at you. Pain shoots through your body!
The orc wizard mumbles some strange words.
The orc wizard flickers and vanishes!
Deactivating autopickup; reactivate with Ctrl-A.
Grinder says, "Just stop there for a second..."
Grinder misses you.
You are too injured to fight recklessly!
You are too injured to fight recklessly!
You are too injured to fight recklessly!
You hit Grinder. Your headbutt misses Grinder.
Grinder is almost dead.
Grinder hits you.
* * * LOW HITPOINT WARNING * * *
You writhe in agony.
* * * LOW HITPOINT WARNING * * *
You closely miss Grinder. Your headbutt misses Grinder.
Grinder is almost dead.
Grinder hits you.
* * * LOW HITPOINT WARNING * * *
You writhe in agony.
* * * LOW HITPOINT WARNING * * *
A puff of flame appears from out of thin air!
The puff of flame hits you!
You die...

#.#.#>.......#
.#.#....))..#
............#
#.#.......###
#.#.........#
#......####..#
#.....## #.#
#.....# .#
#.#@.## #
#...5....§§..
#.##.≈§≈§§§≈§
# #.≈{....§.
#.≈.≈≈≈≈§.
..≈.≈...≈.
##.≈.≈._.≈.
#§§§....≈.


You could see Grinder (fast).

Vanquished Creatures
  2 orc priests
  Ijyb (D:4)
  An orc wizard (D:3)
  A gnoll (D:1)
  8 adders
  5 dart slugs
  5 orcs
  A ball python (D:1)
  2 bats
  4 endoplasms
  3 giant cockroaches (D:3)
  5 goblins
  4 hobgoblins
  7 quokkas
  A frilled lizard (D:1)
  6 kobolds
  3 rats
59 creatures vanquished.

Notes
Turn   | Place    | Note
-------+----------+-------------------------------------------
     0 | D:1      | sanboga the Minotaur Monk began the quest for the Orb.
     0 | D:1      | Reached XP level 1. HP: 19/19 MP: 0/0
   147 | D:1      | Reached skill level 4 in Axes
   284 | D:1      | Reached XP level 2. HP: 27/27 MP: 1/1
   452 | D:1      | Reached skill level 1 in Armour
   790 | D:1      | Reached XP level 3. HP: 26/33 MP: 2/2
  1724 | D:3      | Reached XP level 4. HP: 40/40 MP: 3/3
  1735 | D:3      | Reached skill level 5 in Axes
  1945 | D:3      | Reached XP level 5. HP: 39/47 MP: 4/4
  1970 | D:3      | Found a faded altar of an unknown god.
  2595 | D:4      | Noticed Ijyb
  2609 | D:4      | Killed Ijyb
  2610 | D:4      | Reached skill level 6 in Axes
  2659 | D:4      | Reached skill level 5 in Fighting
  2687 | D:4      | Found a white marble altar of Elyvilon.
  2687 | D:4      | Noticed Grinder
  2700 | D:4      | HP: 2/48 [Grinder (4)]
  2700 | D:4      | Killed from afar by an orc wizard

Illustrated notes

Levels and vault maps discovered:
D:1:      dpeg_arrival_connections, layout_basic, st_stairs_3,
          minmay_misc_feat_chi, minivault_25, chequers_serial_rivers_micro_d,
          minivault_25
D:2:      layout_loops_ring
D:3:      layout_basic, hellmonk_ecumenical_altar_slurped_away,
          minmay_misc_feat_columns, minmay_misc_feat_square,
          minmay_misc_feat_room
D:4:      layout_basic, mainiacjoe_overflow_concentric_impassable, uniq_ijyb,
          uniq_grinder

Skill      XL: |  1  2  3  4  5 |
---------------+----------------+-----
Axes           | 4 5 6 |  6.3
Armour         | 1 2 3 |  3.2
Fighting       | 4 5 |  5.0
Dodging        | |  3.2
Stealth        | |  1.5

Action                   |  1- 3 |  4- 6 || total
-------------------------+-------+-------++-------
Melee: Hand axe          |    74 |   100 ||   174
       Headbutt          |     7 |    15 ||    22
       Punch             |       |     1 ||     1
Evoke: Wand              |       |     6 ||     6
 Stab: Sleeping          |     1 |       ||     1
Armor: Robe              |     4 |       ||     4
       Scale mail        |    26 |    42 ||    68
Dodge: Dodged            |    43 |    42 ||    85
